 Dungeon Crawl Stone Soup version 0.28-a0-724-g66f9036eb4 (webtiles) character file.

Game seed: 2142742682151822131

152 bande the Covered (level 5, -2/33 HPs)
             Began as a Gargoyle Fighter on Oct 26, 2021.
             Slain by Crazy Yiuf (3 damage)
             ... on level 3 of the Dungeon.
             The game lasted 00:04:23 (2767 turns).

bande the Covered (Gargoyle Fighter)                Turns: 2767, Time: 00:04:24

Health: -2/33      AC: 11    Str: 21    XL:     5   Next: 34%
Magic:  1/5        EV:  9    Int:  8    God:
Gold:   183        SH: 10    Dex:  9    Spells: 4/4 levels left

rFire   . . .      SeeInvis .   a - +1 war axe
rCold   . . .      Faith    .   c - +1 buckler
rNeg    + . .      Spirit   .   b - +0 scale mail
rPois   ∞          Reflect  +   (no helmet)
rElec   +          Harm     .   (no cloak)
rCorr   .          Rampage  .   (no gloves)
Will    .....                   (no boots)
Stlth   ..........              g - amulet of reflection
HPRegen 0.11/turn               (no ring)
MPRegen 0.09/turn               (no ring)

@: no status effects
A: sickness immunity, AC +4, negative energy resistance 1, electricity
resistance, torment resistance 1, petrification resistance
a: no special abilities


You were on level 3 of the Dungeon.
You visited 1 branch of the dungeon, and saw 3 of its levels.

You collected 183 gold pieces.

Inventory:

Hand Weapons
 a - a +1 war axe (weapon)
 e - a +2 flail of protection
Armour
 b - a +0 scale mail (worn)
 c - a +1 buckler (worn)
Jewellery
 g - an amulet of reflection (around neck)
 i - a ring of ice
Wands
 j - a wand of paralysis (4)
Scrolls
 f - a scroll of teleportation
 l - a scroll of fog {unknown}
Potions
 d - 3 potions of might
 h - 2 potions of curing
 k - a potion of flight {unknown}
 m - a potion of attraction {unknown}


   Skills:
 + Level 4.0 Fighting
 + Level 3.3 Axes
 + Level 4.1 Armour
 + Level 4.0 Shields
 * Level 0.5 Evocations


You had 4 spell levels left.
You didn't know any spells.
Your spell library contained the following spells:

 Spells                   Type           Power      Damage    Failure   Level
 Slow                     Hex            0%         N/A       86%         2
 Static Discharge         Conj/Air       0%         N/A       86%         2
 Confusing Touch          Hex            0%         N/A       98%         3
 Gell's Gravitas          Tloc           0%         N/A       98%         3
 Lesser Beckoning         Tloc           0%         N/A       98%         3
 Teleport Other           Tloc           0%         N/A       98%         3
 Dispel Undead            Necr           0%         3d6       100%        4
 Petrify                  Tmut/Erth      0%         N/A       100%        4
 Sticky Flame             Conj/Fire      0%         2d3       100%        4
 Irradiate                Conj/Tmut      0%         3d14      100%        5
 Yara's Violent Unravell  Hex/Tmut       0%         3d3       100%        5
 Sublimation of Blood     Necr           Unusable   N/A       N/A         2

Dungeon Overview and Level Annotations

Branches:
Dungeon (3/15)

Altars:
Gozag

Shops:
D:1 :

Annotations:
D:3 Crazy Yiuf


Innate Abilities, Weirdness & Mutations

You are immune to sickness and miasma.
Your stone body is resilient. (AC +4)
You are immune to poison.
You resist negative energy. (rN+)
You are resistant to electric shocks. (rElec)
You are resistant to unholy torment.
You are immune to petrification.


Message History

You see here 19 stones.
Partly explored, can't reach some places.
Partly explored, can't reach some places.
You slash the fungus!
The fungus begins to die.
The fungus is lightly damaged.
You hit the fungus but do no damage. You hit the fungus.
The fungus is lightly damaged.
You slash the fungus!
The fungus begins to die.
You hit the fungus.
The fungus is lightly damaged.
You slash the fungus! You slash the fungus!
The fungus is lightly damaged.
You hit the fungus.
A nearby fungus withers and dies. x2
Found a mace.
Found a runed translucent door.
Crazy Yiuf sings, "Trees, trees, trees, circus!"
You open the door.
Crazy Yiuf zaps a wand.
The puff of flame hits you! You block Crazy Yiuf's attack.
There is an open translucent door here.
You closely miss Crazy Yiuf.
Crazy Yiuf says, "Earwax sizzlefizz cloud!"
Crazy Yiuf hits you with a +4 quarterstaff of chaos.
You feel your power leaking away.
You completely miss Crazy Yiuf.
Crazy Yiuf hits you with a +4 quarterstaff of chaos!
* * * LOW HITPOINT WARNING * * *
You feel your power leaking away. You block Crazy Yiuf's attack.
You hit Crazy Yiuf but do no damage.
Crazy Yiuf zaps a wand.
The puff of flame misses you.
You barely miss Crazy Yiuf.
Crazy Yiuf whimpers, "Mama action stair!"
Crazy Yiuf hits you with a +4 quarterstaff of chaos.
* * * LOW HITPOINT WARNING * * *
Crazy Yiuf freezes you.
* * * LOW HITPOINT WARNING * * *
You barely miss Crazy Yiuf. You block Crazy Yiuf's attack.
Crazy Yiuf hits you with a +4 quarterstaff of chaos.
You die...

#.# #### #....#
..# ♣..♣P♣ ..#
♣.PP♣♣ ..####
♣♣.♣♣ .....#####
♣.♣♣ .[.......#
♣♣.♣ .........#
♣.♣♣ #.#......#
♣♣.♣ ..##.#######
*#@#*
......####.#
#.g.#
....#.#....#
#...#
...........#
#..)#
...........#
#####
...####..(.#
>..........######
..###.#.>.......#
###
#.#.........##


You could see Crazy Yiuf.

Vanquished Creatures
  A jelly (D:2)
  Ijyb (D:3)
  A gnoll (D:2)
  An adder (D:3)
  3 dart slugs
  An orc (D:3)
  13 bats
  6 endoplasms (D:1)
  3 giant cockroaches
  5 goblins
  5 hobgoblins
  3 jackals (D:1)
  7 kobolds
  3 quokkas
  6 ball pythons
  5 frilled lizards
  5 rats
69 creatures vanquished.

Vanquished Creatures (others)
  3 demonic plants (D:1)
  5 fungi
  A plant (D:1)
9 creatures vanquished.

Grand Total: 78 creatures vanquished

Notes
Turn   | Place    | Note
-------+----------+-------------------------------------------
     0 | D:1      | bande the Gargoyle Fighter began the quest for the Orb.
     0 | D:1      | Reached XP level 1. HP: 14/14 MP: 1/1
   244 | D:1      | Reached XP level 2. HP: 19/19 MP: 2/2
   653 | D:1      | Reached XP level 3. HP: 20/23 MP: 3/3
   700 | D:1      | Found a faded altar of an unknown god.
   815 | D:1      | Found Jannyuso's Book Boutique.
  1201 | D:2      | Reached XP level 4. HP: 21/29 MP: 4/4
  2099 | D:3      | Found an opulent altar of Gozag.
  2211 | D:3      | Reached XP level 5. HP: 21/33 MP: 5/5
  2450 | D:3      | Noticed Ijyb
  2473 | D:3      | Killed Ijyb
  2757 | D:3      | Found a runed translucent door.
  2758 | D:3      | Noticed Crazy Yiuf
  2766 | D:3      | HP: 1/33 [Crazy Yiuf (1)]
  2767 | D:3      | Slain by Crazy Yiuf

Illustrated notes

Levels and vault maps discovered:
D:1:      heliophobic_arrival_ceremonial_halls, layout_rooms, serial_rivers,
          chequers_serial_rivers_micro_d, chequers_serial_rivers_micro_e,
          chequers_serial_rivers_micro_e, chequers_serial_rivers_small_a,
          chequers_serial_rivers_room_b, chequers_serial_rivers_small_b,
          shapermc_ecumenical_altar_gd, serial_shops, nicolae_shop_stone
D:2:      layout_rooms, serial_glass, glass_columns_b, glass_columns_a,
          corner_web_ring, minmay_increasing_density
D:3:      layout_rooms, general_overflow_altar, minmay_bisected, uniq_ijyb,
          uniq_crazy_yiuf_cottage

Skill      XL: |  1  2  3  4  5 |
---------------+----------------+-----
Axes           | 2 3 |  3.3
Armour         | 4 |  4.1
Shields        | 4 |  4.0
Fighting       | 4 |  4.0
Evocations     | |  0.5

Action                   |  1- 3 |  4- 6 || total
-------------------------+-------+-------++-------
Melee: War axe           |   110 |   101 ||   211
  Use: Scroll            |     3 |     3 ||     6
Armor: Scale mail        |    81 |    38 ||   119
Dodge: Dodged            |    72 |    38 ||   110
Block: Buckler           |    34 |    50 ||    84
       Reflection        |       |     6 ||     6

Table legend: (Time is in decaauts)
 A = Elapsed time spent in this place.
 B = Non-inter-level travel time spent in this place.
 C = Inter-level travel time spent in this place.
 D = Time resting spent in this place.
 E = Time spent auto-exploring this place.
 F = Levels seen in this place.
 G = Mean time per level.
                   A        B        C        D        E       F      G
               +--------+--------+--------+--------+--------+-----+--------+
         Total |   2850 |   2850 |      0 |    409 |   1824 |   3 |  950.0 |
       Dungeon |   2850 |   2850 |      0 |    409 |   1824 |   3 |  950.0 |
               +--------+--------+--------+--------+--------+-----+--------+

Top non-repeatable levels by time:
     D:1: 1218 daAuts
     D:2: 927 daAuts
     D:3: 704 daAuts
